[Event "Live Chess"]
[Site "Chess.com"]
[Date "2024.06.01"]
[Round "-"]
[White "GEMdzq"]
[Black "Mangoalo"]
[Result "1-0"]
[WhiteElo "2287"]
[BlackElo "1060"]
[TimeControl "300"]
[EndTime "15:18:02 PDT"]
[Termination "GEMdzq won by resignation"]

1. e4 e6 2. d4 d5 3. Nc3 Bb4 4. e5 Nc6 5. Bb5 Bd7 6. Bxc6 Bxc6 7. Nf3 Ne7 8. O-O O-O 9. Ne2 Bd7 10. c3 Ba5 11. b4 Bb6 12. a4 a6 13. Bg5 Qe8 14. a5 Ba7 15. Qc2 Ng6 16. h4 h6 17.
Bd2 Nh8 18. Ng3 Qe7 19. h5 f6 20. exf6 Qxf6 21. Ne5 Bc6 22. Rae1 Rae8 23. Re3 Nf7 24. Ng6 Ng5 25. Nxf8 Rxf8 26. Re5 Nf7 27. Ree1 b5 28. Qd3 Bd7 29. Qe2 Ng5 30. Qe5 Qxe5 31. Rxe5 Bb8 32.
Bxg5 hxg5 33. Rxg5 c6 34. h6 1-0

[Event "Live Chess"]
[Site "Chess.com"]
[Date "2024.06.01"]
[Round "-"]
[White "Ferrarifan27"]
[Black "lateforthesky"]
[Result "1-0"]
[WhiteElo "2115"]
[BlackElo "2119"]
[TimeControl "300"]
[EndTime "15:18:05 PDT"]
[Termination "Ferrarifan27 won by resignation"]

1. e4 c5 2. Nf3 Nf6 3. Nc3 d5 4.
exd5 Nxd5 5. Bc4 e6 6. O-O Be7 7. Re1 Nc6 8. d3 O-O 9. Bd2 Bf6 10. Rb1 b6 11. Ne4 Be7 12. a3 h6 13. Qe2 Nf6 14.
Rbd1 Nd4 15. Nxd4 cxd4 16. Qf3 Rb8 17. Qg3 Kh7 18. Nxf6+ Bxf6 19. Qxb8 Qd7 20. Qg3 Bb7 21. Bf4 Qc6 22. f3 b5 23. Bb3 Re8 24. Be5 Bxe5 25. Qxe5 Rd8 26. Qe4+ Qxe4 27. fxe4 Kg6 28. Rf1 f6 29.
Rf3 e5 30. Rdf1 Bc8 31. Rg3+ 1-0

[Event "Live Chess"]
[Site "Chess.com"]
[Date "2024.06.01"]
[Round "-"]
[White "A3ndrey9"]
[Black "Pandreq"]
[Result "0-1"]
[WhiteElo "1281"]
[BlackElo "1200"]
[TimeControl "300"]
[EndTime "15:18:07 PDT"]
[Termination "Pandreq won on time"]

1. Nf3 d5 2. d4 Nc6 3. g3 Bf5 4.
Bg2 e6 5. Bf4 Nb4 6. Na3 Nc6 7.
c4 Bxa3 8. bxa3 dxc4 9. O-O Nf6 10. Qa4 Nd5 11. Ne5 Nb6 12. Nxc6 Nxa4 13. Nxd8 Rxd8 14. Bxc7 Rxd4 15. Be5 Rd2 16. Bxg7 Rg8 17. Be5 Rxe2 18. Bxb7 Rxe5 19. Bc6+ Ke7 20. Bxa4 Ra5 21. Bd1 Rxa3 22. Be2 Bd3 23. Bxd3 cxd3 24. Rfd1 Rd8 25. f4 d2 26. Kf2 Rad3 27. a4 Kf6 28. Ra2 Kf5 29.
h3 Ke4 30. Ke2 Re3+ 31. Kf2 Rf3+ 32. Kg2 Rfd3 33. a5 f5 34. Ra4+ Ke3 35. Kf1 Kf3 36. g4 fxg4 37. hxg4 Kxg4 38. Ke2 Rf3 39. Rxd2 Rxd2+ 40. Kxd2 Rxf4 41. Ra3 h5 42. Rb3 Rf7 43. a6 Re7 44. Rb7 Re8 45. Rxa7 Rd8+ 46. Ke3 Kg3 47.
Rg7+ Kh4 48. a7 Ra8 49. Kf4 Kh3 50. Kf3 Kh2 51. Kf2 h4 52. Rh7 h3 53. Kf3 Rf8+ 0-1

[Event "Live Chess"]
[Site "Chess.com"]
[Date "2024.06.01"]
[Round "-"]
[White "StoreySniper"]
[Black "updatedopenings2024"]
[Result "1-0"]
[WhiteElo "2547"]
[BlackElo "1958"]
[TimeControl "300"]
[EndTime "15:18:25 PDT"]
[Termination "StoreySniper won by resignation"]

1. e4 c6 2. d4 d5 3. Nc3 dxe4 4. Nxe4 Nf6 5. Nxf6+ exf6 6. Bc4 Bd6 7. Nf3 O-O 8. O-O Re8 9. h3 Nd7 10. c3 Nf8 11. Re1 Be6 12. Bxe6 Nxe6 13. Be3 Qc7 14. Qd2 Rad8 15. Re2 Nf4 16. Bxf4 Bxf4 17. Qc2 g6 18. Rae1 Qd7 19. Qa4 a6 20. d5 Bc7 21. dxc6 bxc6 22. Qxa6 Rxe2 23. Qxe2 Ra8 24. a3 Rb8 25. b4 c5 26. Qc4 cxb4 27. axb4 Bb6 28. Qe2 Rc8 29. c4 Qa4 30. c5 Bxc5 31. bxc5 Rxc5 32. Qe8+ Qxe8 33.
Rxe8+ Kg7 34. Re7 Rc1+ 35. Kh2 Rc2 36. Kg3 Ra2 37. Nd4 Ra3+ 38. f3 f5 39. Rb7 h5 40.
h4 Ra4 41. Nc6 f4+ 42. Kh2 1-0

[Event "Live Chess"]
[Site "Chess.com"]
[Date "2024.06.01"]
[Round "-"]
[White "RichardABates"]
[Black "koekoekoe"]
[Result "1-0"]
[WhiteElo "2266"]
[BlackElo "1990"]
[TimeControl "300"]
[EndTime "15:18:32 PDT"]
[Termination "RichardABates won by checkmate"]

1. d4 d5 2. c4 e6 3. Nf3 Nf6 4. g3 Bb4+ 5. Bd2 Bxd2+ 6. Qxd2 O-O 7.
Bg2 dxc4 8. O-O c6 9. a4 Qb6 10.
Na3 Nbd7 11. Nxc4 Qc7 12. b4 Nd5 13. e4 Ne7 14. a5 Nf6 15. e5 Nfd5 16. Nd6 Bd7 17.
h4 Nc8 18. Ne4 Nce7 19. h5 h6 20. g4 f5 21. exf6 Nxf6 22. Ne5 Ned5 23. g5 Nxe4 24. Bxe4 hxg5 25. Qxg5 Qd8 26. Qg6 Nf6 27. Bc2 Qe8 28.
Bb3 Qxg6+ 29. hxg6 Rfd8 30. Nxd7 Nxd7 31. Bxe6+ Kf8 32.
d5 Ne5 33. f4 Nxg6 34. f5 Ne5 35. Rae1 Nd3 36. Re3 Nxb4 37. f6 Nxd5 38. fxg7+ Kxg7 39. Rf7+ Kg6 40. Rg3+ Kh6 41. Bf5 Rh8 42. Rfg7 Nf6 43.
R7g6+ Kh5 44. Rh3# 1-0

[Event "Live Chess"]
[Site "Chess.com"]
[Date "2024.06.01"]
[Round "-"]
[White "blunderabit"]
[Black "jimwad"]
[Result "0-1"]
[WhiteElo "1787"]
[BlackElo "1305"]
[TimeControl "300"]
[EndTime "15:18:50 PDT"]
[Termination "jimwad won on time"]

1. e4 e5 2. Nc3 Nf6 3. d4 d6 4.
Nf3 Nc6 5. Bb5 Bd7 6. O-O Be7 7.
Re1 O-O 8. d5 Nb8 9. Bf1 c6 10.
h3 cxd5 11. Nxd5 Bc6 12. Nxf6+ Bxf6 13. a4 a6 14. a5 Qe7 15. Bd2 Nd7 16. Bb4 Nc5 17.
Bxc5 dxc5 18. Bc4 Bb5 19. Bd5 Bc6 20. Ra3 Rfd8 21. Rd3 Bb5 22. c4 Bc6 23. Qd2 h6 24. Rd1 Ba4 25. b3 Bc6 26. Bxc6 bxc6 27. Rxd8+ Rxd8 28.
Qxd8+ Qxd8 29. Rxd8+ Bxd8 30. Nxe5 Bxa5 31. Nxc6 Bc3 32.
Nb8 a5 33. Nd7 f6 34. Nxc5 Kf7 35. Nd3 Ke6 36. Kf1 g5 37. g4 Kd6 38. Ke2 Ke6 39. Ke3 Kd6 40. f4 Ke6 41. fxg5 hxg5 42. Nf2 Ke5 43. Nh1 Bd4+ 44. Kf3 Bc3 45. Ng3 Be1 46.
Nf5 Bb4 47. Ne3 Bc5 48. Nd5 Ba3 49. Kg3 Bc1 50. h4 gxh4+ 51. Kxh4 Bg5+ 52. Kg3 Kxe4 53. Ne7 f5 54. gxf5 Bxe7 55. Kg4 Bf6 0-1

[Event "Live Chess"]
[Site "Chess.com"]
[Date "2024.06.01"]
[Round "-"]
[White "NebodarMatevich"]
[Black "Crowded_House"]
[Result "1-0"]
[WhiteElo "1570"]
[BlackElo "1726"]
[TimeControl "300"]
[EndTime "15:19:01 PDT"]
[Termination "NebodarMatevich won by checkmate"]

1. e4 e6 2. b3 d5 3. Bb2 dxe4 4. Nc3 Nf6 5. Qe2 Bd6 6. Nxe4 Nbd7 7. O-O-O O-O 8. g3 Be7 9. f4 b6 10. Bg2 Rb8 11.
Nxf6+ Nxf6 12. h4 Bb7 13. Bxb7 Rxb7 14. Nh3 Rb8 15. g4 Nd5 16. g5 Bd6 17. Rhf1 c5 18.
h5 Qc7 19. h6 g6 20. Qf3 Ne7 21. Qc3 f6 22. gxf6 Nf5 23. Ng5 Qd7 24. f7+ Rxf7 25.
Qh8# 1-0

[Event "Live Chess"]
[Site "Chess.com"]
[Date "2024.06.01"]
[Round "-"]
[White "SavagePawn7"]
[Black "f4nomore"]
[Result "0-1"]
[WhiteElo "658"]
[BlackElo "1253"]
[TimeControl "300"]
[EndTime "15:19:23 PDT"]
[Termination "f4nomore won by checkmate"]

1. e4 g6 2. d4 Bg7 3. Nf3 d6 4. Bg5 h6 5. Be3 Nd7 6. Nc3 b6 7. Bd3 Bb7 8. Qd2 Ndf6 9. e5 Ng4 10. exd6 cxd6 11. h3 Nxe3 12. Qxe3 Bxf3 13. Qxf3 Nf6 14. Ne4 O-O 15. O-O-O Kh7 16. g4 Rc8 17. g5 Nxe4 18.
Bxe4 h5 19. d5 e6 20. dxe6 Qxg5+ 21. Kb1 fxe6 22. Qb3 Qe5 23. Rde1 Qf6 24. Rhg1 Kh8 25. Bxg6 Qxf2 26. Bxh5 Qh4 27. Be2 d5 28. Ref1 Rxf1+ 29. Rxf1 Qe4 30. Qg3 Qxe2 31. Re1 Qxc2+ 32. Ka1 Qxb2# 0-1

[Event "Live Chess"]
[Site "Chess.com"]
[Date "2024.06.01"]
[Round "-"]
[White "anatoliy10912"]
[Black "vincents82"]
[Result "1-0"]
[WhiteElo "1764"]
[BlackElo "2046"]
[TimeControl "300"]
[EndTime "15:19:38 PDT"]
[Termination "anatoliy10912 won by resignation"]

1. e4 d5 2. e5 c5 3. c3 Nc6 4.
Nf3 Bg4 5. d4 Qb6 6. dxc5 Qxc5 7. Be3 Qa5 8. Qb3 Bxf3 9. Qxb7 d4 10. gxf3 dxe3 11. Qxc6+ Kd8 12. Qxa8+ Kc7 13. fxe3 Nh6 14.
Nd2 1-0

[Event "Live Chess"]
[Site "Chess.com"]
[Date "2024.06.01"]
[Round "-"]
[White "NeilDruggan73"]
[Black "dmitro74"]
[Result "1-0"]
[WhiteElo "1747"]
[BlackElo "1704"]
[TimeControl "300"]
[EndTime "15:19:41 PDT"]
[Termination "NeilDruggan73 won on time"]

1. d4 d5 2. Bg5 h6 3. Bh4 g5 4. Bg3 Bg7 5. e3 Nf6 6. Bd3 Bg4 7. f3 Bh5 8. Nc3 Bg6 9. Bxg6 fxg6 10. Qd3 Kf7 11.
O-O-O Nbd7 12. f4 g4 13. h3 gxh3 14. gxh3 c5 15. h4 c4 16. Qe2 b5 17. f5 g5 18. hxg5 hxg5 19. Nf3 Bh6 20. Rxh6 Rxh6 21.
Nxg5+ Ke8 22. Bf4 Qa5 23. Ne6 Rh7 24. Nc7+ Kf7 25. Nxa8 b4 26. Nb1 Qxa2 27. c3 bxc3 28. Nxc3 Qb3 29. Nc7 Ne4 30. N7xd5 Nxc3 31. Nxc3 a5 32.
Qc2 Qb6 33. Rg1 Nf6 34. Be5 Qc6 35. e4 a4 36. Qxa4 Qxa4 37. Nxa4 Nxe4 38. Nc5 Nf2 39. Kc2 Rh3 40. Rg7+ Ke8 41. Ne6 Rf3 42. Rg8+ Kd7 43.
Rd8+ Kc6 44. d5+ Kb5 45. Nd4+ Kc5 46. Nxf3 Ne4 47. f6 exf6 48. Bxf6 Nxf6 49. Ne5 Nxd5 50.
Nd7+ Kc6 51. Nf6 Nxf6 52. Rf8 1-0

[Event "Live Chess"]
[Site "Chess.com"]
[Date "2024.06.01"]
[Round "-"]
[White "Berdgross"]
[Black "Mikhail_Golubev"]
[Result "0-1"]
[WhiteElo "581"]
[BlackElo "2584"]
[TimeControl "300"]
[EndTime "15:19:42 PDT"]
[Termination "Mikhail_Golubev won by resignation"]

1. d4 Nf6 2. e3 g6 3. Nf3 b6 4. Nc3 Bb7 5. Be2 Bg7 6. h3 O-O 7.
O-O d6 8. a3 Nbd7 9. Re1 e5 10.
d5 e4 11. Nd4 Nxd5 12. Nxd5 Bxd5 13. Nb5 Bb7 14. Bg4 Ne5 15. c3 a6 16. Nd4 c5 17.
Nc2 d5 18. b3 Nd3 19. Re2 f5 20. Bh5 gxh5 21. Rd2 f4 22. f3 fxe3 23. Rxd3 exd3 24. Qxd3 d4 25. cxd4 Bxd4 26. Nxd4 Qxd4 27. Qxd4 cxd4 28. Bb2 d3 29. Kf1 Rac8 30. Bd4 Rfe8 31. Bxb6 d2 32. Ke2 Rc1 33. Bxe3 d1=Q+ 0-1

[Event "Live Chess"]
[Site "Chess.com"]
[Date "2024.06.01"]
[Round "-"]
[White "upoe610"]
[Black "Cruiseylee78"]
[Result "1-0"]
[WhiteElo "2204"]
[BlackElo "1694"]
[TimeControl "300"]
[EndTime "15:19:44 PDT"]
[Termination "upoe610 won by resignation"]

1. c4 d6 2. g3 Nd7 3. Bg2 e5 4. Nc3 c6 5. Nf3 h6 6. d4 Qc7 7. d5 Be7 8. b3 Ngf6 9. O-O g5 10.
Qc2 Rg8 11. Nd2 h5 12. Nde4 h4 13. Nxf6+ Nxf6 14. Ne4 hxg3 15. hxg3 Nxe4 16. Bxe4 f5 17. Bxf5 Bxf5 18. Qxf5 Rh8 19. Kg2 Qd7 20. Qxd7+ Kxd7 21. dxc6+ bxc6 22. Be3 c5 23. Rad1 Kc7 24. Rh1 Rxh1 25. Rxh1 g4 26. Rh7 Re8 27. Bg5 Kd7 28. f3 gxf3+ 29.
Kxf3 a5 30. Ke4 a4 31. Bxe7 Rxe7 32. Rxe7+ Kxe7 33. Kd5 axb3 34. axb3 Kd7 35. g4 Ke7 36. e4 Kf6 37. Kxd6 1-0

[Event "Live Chess"]
[Site "Chess.com"]
[Date "2024.06.01"]
[Round "-"]
[White "hapehansen"]
[Black "gobbles19"]
[Result "0-1"]
[WhiteElo "2260"]
[BlackElo "2290"]
[TimeControl "300"]
[EndTime "15:19:48 PDT"]
[Termination "gobbles19 won on time"]

1. Nf3 c5 2. c4 Nf6 3. Nc3 e6 4. g3 d5 5. d4 cxd4 6. Nxd4 e5 7.
Nf3 d4 8. Nb5 a6 9. Na3 Nc6 10.
Nc2 Bc5 11. Bg2 O-O 12. O-O e4 13. Ng5 Re8 14. Bd2 Bg4 15. h3 Bf5 16. b4 Bb6 17. c5 Bc7 18. h4 Qd7 19. Kh2 Ng4+ 20. Kg1 Rad8 21. Nh3 e3 22. Be1 exf2+ 23. Bxf2 Nxf2 24. Nxf2 Bxg3 25. a4 Bxc2 26. Qxc2 Nxb4 27. Qb3 Bxf2+ 28. Rxf2 Nd5 29. Raf1 Re3 30. Qc4 Nf6 31. Rf4 Rc3 32. Qb4 Qe7 33. Qxb7 Qxb7 34. Bxb7 Rxc5 35. Bxa6 Ra8 36.
Rxd4 h6 37. Bb5 Rac8 38. Kg2 Rc3 39. Rf3 Rc2 40. Kf2 R8c5 41. Bd3 Rc8 42. Rf5 R2c7 43. a5 Nd7 44. a6 Nc5 45. Rfd5 g6 46. Rd8+ Rxd8 47.
Rxd8+ Kg7 48. Rd5 Ne6 49. Ra5 Ra7 50. Be4 Nc7 51. Bb7 Kf6 0-1

[Event "Live Chess"]
[Site "Chess.com"]
[Date "2024.06.01"]
[Round "-"]
[White "NottheBishopSacrifice"]
[Black "Queensandpawns"]
[Result "1-0"]
[WhiteElo "2284"]
[BlackElo "2357"]
[TimeControl "300"]
[EndTime "15:19:51 PDT"]
[Termination "NottheBishopSacrifice won by resignation"]

1. d4 c5 2. d5 d6 3. e4 Nf6 4.
Nc3 g6 5. Bb5+ Bd7 6. a4 a6 7. Bc4 Bg7 8. Nf3 O-O 9. O-O e5 10. dxe6 Bxe6 11. Bxe6 fxe6 12. e5 dxe5 13. Qe2 Nc6 14.
Nxe5 Nd4 15. Qc4 Qc7 16. f4 b5 17. Qd3 b4 18. Ne4 Nxe4 19. Qxe4 Bxe5 20. fxe5 Rxf1+ 21. Kxf1 Rf8+ 22. Kg1 Qc6 23. Qd3 Qd5 24. Bh6 Rf5 25.
Qxa6 Nc6 26. Qa8+ Nd8 27. Qxd5 exd5 28. a5 Nc6 29. a6 Na7 30. Ra5 Rxe5 31. Rxc5 Kf7 32.
Rc7+ Re7 33. Rxe7+ Kxe7 34. Be3 Nb5 35. a7 Nc7 36.
Bc5+ Kd7 37. Bxb4 Kc6 38. Ba5 Na8 39. Kf2 Kb7 40. Ke3 Kxa7 41. Kd4 Ka6 42. b4 Kb5 43.
Kxd5 g5 44. c4+ Ka4 45. c5 Ka3 46. c6 g4 47. b5 g3 48. hxg3 Ka4 49. Bd8 Kxb5 50.
c7 Nb6+ 51. Kd6 Nc8+ 52. Ke6 Kc6 53. Kf7 Kd7 54. Kg7 Nd6 55. Kxh7 Nf5 56. g4 Ne3 57. g5 Nxg2 58. g6 1-0

[Event "Live Chess"]
[Site "Chess.com"]
[Date "2024.06.01"]
[Round "-"]
[White "lyricalschemes"]
[Black "oscalik"]
[Result "1-0"]
[WhiteElo "2450"]
[BlackElo "2312"]
[TimeControl "300"]
[EndTime "15:20:08 PDT"]
[Termination "lyricalschemes won on time"]

1. e4 c5 2. Nf3 Nf6 3. e5 Nd5 4. c3 d6 5. d4 cxd4 6. cxd4 Nc6 7. Bc4 dxe5 8. dxe5 Be6 9. O-O Qa5 10. Bd2 Qc5 11. Bb3 Rd8 12. Qe2 g6 13. Nc3 Bg7 14. Na4 Nd4 15. Nxc5 Nxe2+ 16. Kh1 Bg4 17. Nxb7 Bxf3 18.
gxf3 Rd7 19. Ba4 Nb6 20. Bxd7+ Nxd7 21. Rfe1 Nd4 22. Rac1 O-O 23. Kg2 Nxe5 24. Re3 Rb8 25. Rc7 f6 26. Bc3 Nf5 27. Re1 Nd3 28. Rd1 Nf4+ 29.
Kf1 Ne6 30. Rcd7 Kf7 31. Na5 a6 32. Nc6 Rb6 33. Nb4 Nf4 34. Nd5 Nxd5 35. R7xd5 g5 36. Rxf5 Kg6 37. Rc5 h5 38. Rc4 h4 39. Rb4 Rc6 40.
Rb7 h3 41. Rxe7 Bf8 42. Re8 Bc5 43. Rg8+ Kf5 44. Rgd8 Rb6 45. R8d5+ Kf4 46. Rxc5 a5 47. Rd4+ 1-0

[Event "Live Chess"]
[Site "Chess.com"]
[Date "2024.06.01"]
[Round "-"]
[White "DJ_Lambton"]
[Black "Tushinskiy"]
[Result "1-0"]
[WhiteElo "1754"]
[BlackElo "2221"]
[TimeControl "300"]
[EndTime "15:20:25 PDT"]
[Termination "DJ_Lambton won by resignation"]

1. c4 c5 2. g3 d6 3. Bg2 Nc6 4.
Nc3 Nf6 5. e3 g6 6. Nge2 Bg7 7. O-O O-O 8. b3 Bg4 9. Bb2 Qc8 10. d3 Bh3 11. d4 Bxg2 12. Kxg2 cxd4 13. Nxd4 Re8 14. Qd2 a6 15. Rfe1 h5 16. e4 Nxd4 17. Qxd4 Ng4 18. Qd2 Ne5 19. h4 Qg4 20. Nd5 Qf3+ 21.
Kg1 Rac8 22. Re3 Qg4 23. Bxe5 Bxe5 24. Rd1 b5 25. Qd3 bxc4 26. bxc4 Rxc4 27. Re2 Rd4 28. Qc2 Rxd1+ 29. Qxd1 e6 30. Ne3 Qf3 31. Rd2 Qxe4 32. Ng2 Rb8 33. Qe2 Rb1+ 34. Kh2 Qxe2 35. Rxe2 Bd4 36.
Ne3 Bxe3 37. fxe3 d5 38. Kg2 Kg7 39. Kf2 Kf6 40. Kg2 Ke5 41. Kf2 f5 42. Rc2 a5 43.
Kf3 a4 44. Rd2 Kd6 45. Rd4 e5 46. Rxa4 Rf1+ 47. Ke2 Rg1 48. Kf2 Ra1 49. Ra6+ Kc5 50.
a4 d4 51. exd4+ exd4 52. Rxg6 Rxa4 53. Rf6 Ra2+ 54. Ke1 Rg2 55. Rxf5+ Kc4 56. Rg5 Rxg3 57. Rxg3 1-0

[Event "Live Chess"]
[Site "Chess.com"]
[Date "2024.06.01"]
[Round "-"]
[White "MagnersCarlsberg2870"]
[Black "GrahamCuthbert"]
[Result "1-0"]
[WhiteElo "1766"]
[BlackElo "1031"]
[TimeControl "300"]
[EndTime "15:20:36 PDT"]
[Termination "MagnersCarlsberg2870 won by checkmate"]

1. d4 d5 2. e3 Nf6 3. Bd3 Nc6 4. f4 g6 5. Nd2 Bg7 6. Ngf3 Bg4 7. h3 Bxf3 8. Qxf3 Nb4 9. Bb5+ c6 10. Ba4 b5 11.
Bb3 a5 12. a3 a4 13. axb4 axb3 14. Nxb3 Rxa1 15. Nxa1 Ne4 16. Nb3 Qa8 17. Nc5 O-O 18. Nxe4 dxe4 19. Qxe4 e6 20. O-O Rd8 21. c3 Kf8 22.
Qf3 Qa6 23. e4 Qb6 24. f5 exf5 25. exf5 Bxd4+ 26. Kh1 Bg7 27. fxg6 hxg6 28. Qxf7# 1-0

[Event "Live Chess"]
[Site "Chess.com"]
[Date "2024.06.01"]
[Round "-"]
[White "Queensandpawns"]
[Black "hapehansen"]
[Result "0-1"]
[WhiteElo "2347"]
[BlackElo "2270"]
[TimeControl "300"]
[EndTime "15:21:28 PDT"]
[Termination "hapehansen won by resignation"]

1. e4 d5 2. Nc3 dxe4 3. Nxe4 Qd5 4. d3 Nc6 5. Nf3 Bg4 6. h3 Bh5 7. Ng3 Bxf3 8. Qxf3 Qxf3 9. gxf3 Nd4 10. Kd1 O-O-O 11. f4 e6 12. c3 Nf3 13. Bg2 Nh4 14. Be4 f5 0-1

[Event "Live Chess"]
[Site "Chess.com"]
[Date "2024.06.01"]
[Round "-"]
[White "Plato_77"]
[Black "Duke_of_Bebington"]
[Result "0-1"]
[WhiteElo "1321"]
[BlackElo "1638"]
[TimeControl "300"]
[EndTime "15:21:43 PDT"]
[Termination "Duke_of_Bebington won by resignation"]

1. d4 Nf6 2. Bf4 d5 3. e3 Bf5 4. c3 e6 5. Nf3 c5 6. Nbd2 Nc6 7. Ne5 cxd4 8. exd4 Nxe5 9. Bxe5 Bd6 10. Bxd6 Qxd6 11. Nf3 O-O 12. Bd3 Bxd3 13. Qxd3 Ne4 14. O-O f6 15. Nd2 Nxd2 16. Qxd2 Rac8 17. Rfe1 e5 18. dxe5 fxe5 19. Rad1 Rcd8 20. c4 d4 21. b3 Rfe8 22.
Re4 Qf6 23. Qb4 Qf5 24. f3 Rd7 25. c5 Rde7 26. Qc4+ Kh8 27. b4 Qc8 28. a4 a6 29. Rde1 Qc6 30. b5 axb5 31. axb5 Qc7 32. f4 exf4 33. Rxe7 Rxe7 34. Rxe7 Qxe7 35. Kf1 Qe4 36. Qa4 Qb1+ 37. Ke2 Qb2+ 38. Kf3 Qc3+ 39. Kg4 h5+ 40. Kxh5 Qxc5+ 41. Kg4 d3 42. Qa8+ Kh7 43. Qd8 Qxb5 44. Qh4+ Kg8 45. Qd8+ Kf7 46. Qc7+ Ke6 47.
Qc8+ Qd7 48. Qc4+ Ke7+ 49. Kxf4 Qd6+ 50. Ke3 Qe6+ 51. Kd2 Qxc4 0-1

[Event "Live Chess"]
[Site "Chess.com"]
[Date "2024.06.01"]
[Round "-"]
[White "ACM42"]
[Black "Dhaydon19"]
[Result "0-1"]
[WhiteElo "2154"]
[BlackElo "2679"]
[TimeControl "300"]
[EndTime "15:22:04 PDT"]
[Termination "Dhaydon19 won by checkmate"]

1. e4 e6 2. d4 d5 3. Nc3 dxe4 4. Nxe4 Be7 5. Ne2 Nd7 6. N2g3 Ngf6 7. Bd3 b6 8. O-O Bb7 9. c3 O-O 10. f4 c5 11. Be3 Nd5 12. Bd2 cxd4 13. cxd4 N5f6 14. Rc1 Nxe4 15. Bxe4 Bxe4 16. Nxe4 Nf6 17. Nxf6+ Bxf6 18. Bc3 Qd5 19. Qd2 Qxa2 20. f5 Rfd8 21. fxe6 Qxe6 22.
Rce1 Qc4 23. Re4 Re8 24. Rg4 Re6 25. Qd1 Qd5 26. Rgf4 Rd8 27. Rf5 Qd7 28. Kh1 Rd6 29.
Qh5 g6 30. Qg4 Bg7 31. R5f4 Qxg4 32. Rxg4 Bxd4 33. Rgf4 Bxc3 34. bxc3 R8d7 35. Ra4 Rc6 36. c4 a5 37. h3 Rd4 38. Rc1 Rf6 39. Ra2 Rc6 40. Rb2 h5 41. Kg1 Kg7 42. Kf2 Rdxc4 43. Rxc4 Rxc4 44. Rxb6 a4 45. Ra6 h4 46. Kf3 f5 47. Kf2 Kh6 48. Kf3 Kg5 49. Ra5 Rc3+ 50. Kf2 a3 51. Ra4 Rc2+ 52. Kf3 a2 53. Ra5 Kf6 54. g4 Rc3+ 55. Kf4 g5# 0-1

[Event "Live Chess"]
[Site "Chess.com"]
[Date "2024.06.01"]
[Round "-"]
[White "Delacorta"]
[Black "IgorSchukin"]
[Result "0-1"]
[WhiteElo "1543"]
[BlackElo "1709"]
[TimeControl "300"]
[EndTime "15:22:06 PDT"]
[Termination "IgorSchukin won by resignation"]

1. d4 d5 2. Nf3 Nf6 3. e3 g6 4. Be2 Bg7 5. Nbd2 O-O 6. Nf1 Bg4 7. Ng3 Nbd7 8. h3 Bxf3 9. gxf3 c5 10. c3 Rc8 11. e4 dxe4 12. fxe4 cxd4 13. cxd4 e5 14. d5 Nc5 15. h4 Nfxe4 16. h5 Nxg3 17. fxg3 Ne4 18. hxg6 fxg6 19. Qb3 Qd6 20. Bd2 Nxd2 21. Kxd2 e4 22. Rh4 e3+ 23. Qxe3 Qxd5+ 24. Bd3 Bxb2 25.
Qh6 Bc3+ 26. Ke2 Rce8+ 27. Be4 Rxe4+ 28. Rxe4 Qxe4+ 0-1

[Event "Live Chess"]
[Site "Chess.com"]
[Date "2024.06.01"]
[Round "-"]
[White "JanMur7"]
[Black "CCGoodKnightRookie"]
[Result "1-0"]
[WhiteElo "2297"]
[BlackElo "2340"]
[TimeControl "300"]
[EndTime "15:22:19 PDT"]
[Termination "JanMur7 won by resignation"]

1. c4 c5 2. Nc3 Nc6 3. g3 Nf6 4. Bg2 e6 5. Nf3 d5 6. cxd5 exd5 7. d4 cxd4 8. Nxd4 Bc5 9. Nb3 Bb6 10. Nxd5 Be6 11. Nxf6+ Qxf6 12. O-O Rd8 13. Bd2 O-O 14.
Qc1 Bxb3 15. axb3 Nd4 16. Qc4 Nxb3 17. Qxb3 Rxd2 18. Bxb7 Rxb2 19. Qf3 Qe5 20. e3 Rd8 21. Ra4 Rdd2 22. Rf4 Rxf2 23. Rxf2 Bxe3 24. Qe4 Qxe4 25. Bxe4 a5 26. Rxf7 Rxf2 27. Rxf2 a4 28. Kf1 Bxf2 29. Kxf2 a3 30. Bd5+ Kf8 31. Ke3 Ke7 32. Kd4 Kf6 33. Ke4 Kg5 34. h3 h5 35. Ke5 g6 36. Be6 Kh6 37.
Kf6 Kh7 38. g4 hxg4 39. hxg4 Kh6 40. g5+ Kh5 41. Ba2 1-0

[Event "Live Chess"]
[Site "Chess.com"]
[Date "2024.06.01"]
[Round "-"]
[White "NeilDruggan73"]
[Black "upoe610"]
[Result "0-1"]
[WhiteElo "1746"]
[BlackElo "2205"]
[TimeControl "300"]
[EndTime "15:22:36 PDT"]
[Termination "upoe610 won by resignation"]

1. d4 Nf6 2. Bg5 c5 3. d5 d6 4. Bxf6 exf6 5. Nf3 g6 6. e4 Bg7 7. Nbd2 O-O 8. Bd3 a6 9. a4 Nd7 10. a5 b5 11. axb6 Nxb6 12. b3 f5 13. Rb1 fxe4 14. Bxe4 Re8 15. O-O Bb7 16. Nc4 Rxe4 17. Nxb6 Qxb6 18.
Qd3 Rae8 19. Rfe1 Rxe1+ 20. Rxe1 Rxe1+ 21. Nxe1 Qb4 22. Nf3 Qc3 23. Qe2 Qa1+ 24. Ne1 Bc3 0-1

[Event "Live Chess"]
[Site "Chess.com"]
[Date "2024.06.01"]
[Round "-"]
[White "Plato_77"]
[Black "NAZRIZ1977"]
[Result "0-1"]
[WhiteElo "1321"]
[BlackElo "2167"]
[TimeControl "300"]
[EndTime "15:22:36 PDT"]
[Termination "NAZRIZ1977 won by resignation"]

1. d4 Nf6 2. Bf4 g6 3. e3 Bg7 4. Nf3 O-O 5. Bc4 d5 6. O-O dxc4 7. c3 Nd5 8. Nbd2 Nxf4 9. exf4 b5 10. a4 c6 11.
axb5 cxb5 0-1

[Event "Live Chess"]
[Site "Chess.com"]
[Date "2024.06.01"]
[Round "-"]
[White "TedUdale"]
[Black "agamilewska"]
[Result "1/2-1/2"]
[WhiteElo "2118"]
[BlackElo "1780"]
[TimeControl "300"]
[EndTime "15:22:47 PDT"]
[Termination "Game drawn - insufficient material"]

1. e4 e5 2. Nc3 Nc6 3. Nf3 Bb4 4.
a3 Bxc3 5. bxc3 Nf6 6. Bd3 d6 7. h3 O-O 8. c4 Nd4 9. Bb2 c5 10. Bxd4 cxd4 11. O-O Be6 12. c5 Rc8 13. cxd6 Qxd6 14.
Rb1 b6 15. a4 Bc4 16. Qe2 Bxd3 17. Qxd3 Rc5 18. Nh4 g6 19. f3 Rfc8 20. Rfc1 Qc6 21. Rb2 Qxa4 22. f4 exf4 23. Nf3 Qc4 24. Qxc4 Rxc4 25.
d3 Ra4 26. Rb5 Nd7 27. Rd5 Nc5 28. Rxd4 Rxd4 29. Nxd4 Ne6 30. Nb5 a6 31. Nd6 Rc6 32.
e5 Nd4 33. Kf2 Rxc2+ 34. Rxc2 Nxc2 35. Kf3 Ne1+ 36. Kxf4 Nxd3+ 37. Ke4 Nc5+ 38. Kd5 Nd3 39. g3 h5 40. Ke4 Nf2+ 41. Kd5 Nxh3 42. Kc6 Ng5 43.
Kxb6 Nf3 44. Nc4 g5 45. Kxa6 h4 46. gxh4 gxh4 47. Ne3 Nxe5 48. Kb5 h3 49. Nf1 Nf3 50. Ng3 Kg7 51. Kc4 Kg6 52. Kd3 Kg5 53. Ke2 Kg4 54. Nh1 Nd4+ 55. Kf2 f5 56. Ng3 f4 57. Ne4 h2 58.
Kg2 Nf3 59. Nf2+ Kf5 60. Kxf3 h1=Q+ 61. Nxh1 Ke5 62. Nf2 Kd6 63. Nd3 Kc6 64. Nxf4 1/2-1/2

[Event "Live Chess"]
[Site "Chess.com"]
[Date "2024.06.01"]
[Round "-"]
[White "katoma"]
[Black "LL220284LL"]
[Result "0-1"]
[WhiteElo "2057"]
[BlackElo "2504"]
[TimeControl "300"]
[EndTime "15:22:58 PDT"]
[Termination "LL220284LL won by resignation"]

1. e4 d6 2. d4 g6 3. Nc3 Bg7 4. Bc4 e6 5. Be3 Ne7 6. Nge2 Nd7 7. h4 h5 8. Qd2 Nb6 9. Bb3 a5 10. a4 O-O 11. Bh6 c5 12. Bxg7 Kxg7 13. O-O-O c4 14. Ba2 Qe8 15. d5 Nxa4 16. Qd4+ e5 17. Qxc4 Bd7 18.
Qd3 Rc8 19. Kb1 Nxc3+ 20. Nxc3 b5 21. f3 b4 22. Ne2 Bb5 23. Qd2 Qd7 24. Rdg1 Rc7 25. g4 Rfc8 26. c3 Bxe2 27. Qxe2 bxc3 28. gxh5 c2+ 29. Kc1 Qa4 30. hxg6 Qxa2 31. gxf7+ Kxf7 0-1

[Event "Live Chess"]
[Site "Chess.com"]
[Date "2024.06.01"]
[Round "-"]
[White "defenderalist"]
[Black "degringolade64"]
[Result "0-1"]
[WhiteElo "1547"]
[BlackElo "2115"]
[TimeControl "300"]
[EndTime "15:23:08 PDT"]
[Termination "degringolade64 won by resignation"]

1. e4 e5 2. f4 exf4 3. Nf3 d6 4. d4 g5 5. Bc4 Bg7 6. O-O h6 7. e5 dxe5 8. Nxe5 Bxe5 9. Bxf7+ Kxf7 10. Qh5+ Kg7 11.
dxe5 Ne7 12. Bxf4 Qd4+ 13. Kh1 gxf4 14. Nc3 Nbc6 15. Rad1 Qxe5 16. Qf3 Bf5 17. Rde1 Qf6 18. Qxf4 Rhf8 19. h3 Bg6 20. Qc1 Nf5 21. Ne4 Qe5 22. Ng5 Ng3+ 23. Kg1 Rxf1+ 24. Rxf1 Ne2+ 0-1